 Dungeon Crawl Stone Soup version 0.18.1-48-g4cf74bf (webtiles) character file.

474 theElss the Conjurer (level 6, 0/39 HPs)
             Began as a High Elf Conjurer on Sept 4, 2016.
             Was a Believer of Vehumet.
             Killed from afar by an orc wizard (6 damage)
             ... with a magic dart
             ... on level 5 of the Dungeon.
             The game lasted 00:16:57 (4709 turns).

theElss the Conjurer (High Elf Conjurer)            Turns: 4709, Time: 00:16:58

Health: 0/39       AC:  5    Str:  9    XL:     6   Next: 84%
Magic:  0/13       EV: 14    Int: 20    God:    Vehumet [**....]
Gold:   285        SH:  0    Dex: 15    Spells: 4 memorised, 2 levels left

rFire  . . .     SeeInvis .     (no weapon)
rCold  . . .     Gourm    .     a - +0 robe
rNeg   . . .     Faith    +     (no shield)
rPois  .         Spirit   .     q - +0 helmet
rElec  .         Dismiss  .     B - +1 cloak
rCorr  .         Reflect  .     (no gloves)
SustAt .         Harm     .     (no boots)
MR     .....                    j - amulet of faith
Stlth  +.........               w - ring of loudness (curse)
                                o - +3 ring of slaying

@: very slightly contaminated, not resistant to hostile enchantments, very
unstealthy
A: no striking features
a: Renounce Religion


You were on level 5 of the Dungeon.
You worshipped Vehumet.
Vehumet was pleased with you.
You were very hungry.

You visited 1 branch of the dungeon, and saw 5 of its levels.

You collected 313 gold pieces.
You spent 28 gold pieces at shops.

Inventory:

Armour
 a - a +0 robe (worn)
 q - a +0 helmet (worn)
 B - a +1 cloak (worn)
Jewellery
 j - an amulet of faith (around neck)
 o - a +3 ring of slaying (left hand)
 w - a cursed ring of loudness (right hand)
Wands
 z - a wand of heal wounds (5/9)
 D - a wand of random effects (18/48)
Scrolls
 e - 2 scrolls of magic mapping
 i - 2 scrolls of enchant armour {unknown}
 l - 5 scrolls of remove curse {unknown}
 s - a scroll of enchant weapon {unknown}
 u - a scroll of noise {unknown}
 v - a scroll of teleportation {unknown}
 x - a scroll of fear {unknown}
 C - a scroll of immolation {unknown}
Potions
 d - a potion of lignification {unknown}
 f - 5 potions of curing
 g - a potion of magic {unknown}
 n - 2 potions of heal wounds {unknown}
 p - a potion of cancellation {unknown}
 r - 2 potions of ambrosia {unknown}
 A - a potion of cure mutation {unknown}
 F - a potion of berserk rage {unknown}
Books
 b - a book of Conjurations

   Spells                             Type                      Level
   a - Magic Dart                     Conjuration                  1
   b - Searing Ray                    Conjuration                  2
   c - Dazzling Spray                 Conjuration/Hexes            3
   d - Fulminant Prism                Conjuration/Hexes            4
   e - Iskenderun's Mystic Blast      Conjuration                  4
   f - Iskenderun's Battlesphere      Conjuration/Charms           5
Comestibles
 c - 3 bread rations
 h - 2 meat rations
 k - 8 fruits
 t - a slice of pizza
 E - a beef jerky
 G - a royal jelly


   Skills:
 * Level 2.2 Fighting
 * Level 4.4 Dodging
 - Level 2.1 Stealth
 + Level 4.5 Spellcasting
 + Level 6.5 Conjurations


You had 2 spell levels left.
You knew the following spells:

 Your Spells              Type           Power        Failure   Level  Hunger
a - Magic Dart            Conj           ####         1%          1    None
b - Iskenderun's Mystic   Conj           ####....     10%         4    ####...
c - Searing Ray           Conj           ####..       1%          2    #......
d - Iskenderun's Battles  Conj/Chrm      ###.....     89%         5    ######.


Dungeon Overview and Level Annotations

Branches:
Dungeon (5/15)             Temple (0/1) D:4

Altars:
Elyvilon
Vehumet
Xom
Yredelemnul

Shops:
D:4 *

Annotations:
D:4 Elystan's ghost, amateur DsMo
D:5 Duvessa; Grinder


Message History

Vehumet accepts your kill.
You feel your power returning. Something hits you.
* * * LOW HITPOINT WARNING * * *
Deactivating autopickup; reactivate with Ctrl-A.
You hear some strange, mumbled words.
Something tries to affect you, but you resist.
Casting: Searing Ray
Confirm with . or Enter, or press ? or * to list all spells.
You can't see any susceptible monsters within range! (Use Z to cast anyway.) Unknown command.
Casting: Searing Ray
Confirm with . or Enter, or press ? or * to list all spells.
Aiming: Searing Ray
Press: ? - help, Shift-Dir - straight line The searing ray hits something.
You hear some strange, mumbled words.
A magic dart appears from out of thin air!
The magic dart hits you!
You die...

^... #.. ##≈. #
.#≈≈.# #########
.^.#. #.......#
.... #.......#
.†.#
##########.......#
..<#
#......@{).......#
.Z..o#
..########...)<..#
...#o... ####.####
......##.5 #.#
.... ... #.#
.####.... ..# .
.... .## # .... ..
.#


There were no monsters in sight!

Vanquished Creatures
  A scorpion (D:3)
  A howler monkey (D:2)
  A crimson imp (D:3)
  Crazy Yiuf (D:3)
  An orc wizard (D:4)
  Terence (D:3)
  An iguana (D:5)
  2 worker ants (D:4)
  A hound skeleton (D:4)
  4 gnolls
  3 adders
  A shadow imp (D:4)
  An adder skeleton (D:4)
  2 worms (D:3)
  4 dart slugs
  5 giant geckos
  5 orcs
  2 giant cockroaches
  4 goblins
  10 hobgoblins
  A jackal (D:1)
  5 kobolds
  6 quokkas
  A ball python (D:3)
  5 bats
  2 giant newts
  8 rats
79 creatures vanquished.

Vanquished Creatures (others)
  An orc wizard (D:5)
1 creature vanquished.

Grand Total: 80 creatures vanquished

Notes
Turn   | Place    | Note
--------------------------------------------------------------
     0 | D:1      | theElss the High Elf Conjurer began the quest for the Orb.
     0 | D:1      | Reached XP level 1. HP: 11/11 MP: 4/4
   367 | D:1      | Reached XP level 2. HP: 18/18 MP: 0/6
   371 | D:1      | Learned a level 2 spell: Searing Ray
   486 | D:1      | Reached skill level 1 in Fighting
   695 | D:1      | Reached XP level 3. HP: 23/23 MP: 2/8
   998 | D:2      | Found a radiant altar of Vehumet.
  1055 | D:2      | Became a worshipper of Vehumet
  1277 | D:2      | Reached skill level 5 in Conjurations
  1955 | D:2      | Reached XP level 4. HP: 28/28 MP: 4/9
  1967 | D:2      | Reached * piety under Vehumet
  1967 | D:2      | Offered knowledge of Sting by Vehumet.
  2105 | D:3      | Found a basalt altar of Yredelemnul.
  2252 | D:3      | Noticed Terence
  2260 | D:3      | Killed Terence
  2433 | D:3      | Reached XP level 5. HP: 33/33 MP: 8/10
  2599 | D:3      | Noticed Crazy Yiuf
  2607 | D:3      | Killed Crazy Yiuf
  3123 | D:3      | Reached skill level 6 in Conjurations
  3362 | D:3      | Reached XP level 6. HP: 39/39 MP: 5/12
  3368 | D:3      | Learned a level 4 spell: Iskenderun's Mystic Blast
  3374 | D:3      | Learned a level 5 spell: Iskenderun's Battlesphere
  3455 | D:3      | Found a white marble altar of Elyvilon.
  3596 | D:4      | Found a shimmering altar of Xom.
  3641 | D:4      | Found Oprats's General Store.
  3648 | D:4      | Bought a scroll of identify for 28 gold pieces
  3982 | D:4      | Reached ** piety under Vehumet
  3995 | D:4      | Noticed Elystan's ghost (amateur DsMo)
  4105 | D:4      | Found a staircase to the Ecumenical Temple.
  4459 | D:5      | Entered Level 5 of the Dungeon
  4462 | D:5      | Offered knowledge of Sandblast by Vehumet.
  4498 | D:5      | Noticed Duvessa
  4600 | D:5      | Noticed Grinder
  4709 | D:5      | Killed from afar by an orc wizard

Skill      XL: |  1  2  3  4  5  6 |
---------------+-------------------+-----
Fighting       | 1 2 |  2.2
Dodging        | 3 4 |  4.4
Conjurations   | 5 6 |  6.5
Spellcasting   | 3 4 |  4.5
Stealth        | |  2.1

Action                   |  1- 3 |  4- 6 || total
-------------------------+-------+-------++-------
Melee: Unarmed           |     5 |     4 ||     9
 Cast: Magic Dart        |    70 |    79 ||   149
       Searing Ray       |     3 |    18 ||    21
  Use: Scroll            |       |     2 ||     2
  Eat: Chunk             |     3 |     7 ||    10
       Fruit             |       |     1 ||     1
Armor: Robe              |       |    20 ||    20
Dodge: Dodged            |     7 |    44 ||    51
